 Dungeon Crawl Stone Soup version 0.25.1-2-g60ff931df9 (webtiles) character file.

Game seed: 11186923485534488538

1804 Curus the Cleaver (level 8, -6/58 HPs)
             Began as a Demonspawn Berserker on Oct 15, 2020.
             Was an Elder of Trog.
             Mangled by an Executioner (15 damage)
             ... on level 1 of the Abyss.
             The game lasted 00:26:37 (6739 turns).

Curus the Cleaver (Demonspawn Berserker)            Turns: 6739, Time: 00:26:37

Health: -6/58      AC: 15    Str: 23    XL:     8   Next: 83%
Magic:  8/8        EV:  7    Int:  8    God:    Trog [****..]
Gold:   283        SH:  5    Dex: 16    Spells: 7/7 levels left

rFire    + . .     SeeInvis .   l - +0 war axe
rCold    . . .     Gourm    .   k - +2 buckler
rNeg     . . .     Faith    .   f - +1 chain mail
rPois    .         Spirit   .   (no helmet)
rElec    .         Reflect  .   v - +1 cloak
rCorr    .         Harm     .   (no gloves)
MR       ++...     Rnd*Tele +   i - +0 pair of boots
Stlth    ..........             (no amulet)
HPRegen  1.00/turn              d - +6 ring of strength
MPRegen  0.11/turn              t - ring of protection from fire

@: lethally poisoned (-6 -> -6), recuperating, mildly diseased, lightly drained,
very slow
A: thin metallic scales 2, demonic guardian 1, mutation resistance 1, powered by
pain 1, teleportitis 1
a: Berserk, Trog's Hand, Brothers in Arms, Renounce Religion


You were on level 1 of the Abyss.
You worshipped Trog.
Trog was greatly pleased with you.
You were hungry.

You visited 1 branch of the dungeon, and saw 7 of its levels.
You visited the Abyss 1 time.

You collected 283 gold pieces.

Inventory:

Hand Weapons
 a - a +0 hand axe
 l - a +0 war axe (weapon)
 x - a cursed +0 hand axe
Armour
 b - a +0 animal skin
 f - a +1 chain mail (worn)
 i - a +0 pair of boots (worn)
 k - a +2 buckler (worn)
 s - a +0 cloak
 v - a +1 cloak (worn)
Jewellery
 d - a +6 ring of strength (left hand)
 g - an uncursed ring of ice
 t - a ring of protection from fire (right hand)
 y - an uncursed ring of protection from fire
Wands
 z - a wand of disintegration (20)
Scrolls
 e - 8 scrolls of identify
 h - 4 scrolls of remove curse
 j - a scroll of fear
 m - 2 scrolls of teleportation
 q - a scroll of magic mapping
 u - a scroll of blinking
Potions
 n - a potion of resistance
 o - a potion of flight
 p - a potion of stabbing
 r - a potion of heal wounds
 w - a potion of curing
Comestibles
 c - 7 rations
 A - 3 chunks of flesh


   Skills:
 - Level 3.0(2.5) Fighting
 + Level 10.8(10.2) Axes
 - Level 1.7(1.3) Armour
 - Level 1.7(1.3) Dodging


You had 7 spell levels left.
You didn't know any spells.
Your spell library was empty.

Dungeon Overview and Level Annotations

Branches:
Dungeon (7/15)             Temple (0/1) D:4

Altars:
Elyvilon
Kikubaaqudgha
Okawaru
Ru
Sif Muna
Vehumet
Wu Jian
Xom
Zin
The Shining One

Annotations:
D:6 2 runed translucent doors, Maggie; Sondor's ghost, novice DsGl
D:7 Joseph


Innate Abilities, Weirdness & Mutations

You are mostly covered in thin metallic scales. (AC +3)
A weak demonic guardian rushes to your aid.
You sometimes gain a little power by taking damage.
You are somewhat resistant to further mutation.
You are occasionally teleported next to monsters.


Message History

The wraith drains your iron imp's vigour!
Your iron imp seems to slow down.
A small abomination comes into view.
The wraith closely misses you.
A starcursed mass comes into view.
Found 22 gold pieces.
You closely miss the jiangshi. You hit the wraith.
Your iron imp barely misses the wraith.
A starcursed mass splits.
You block the wraith's attack. The wraith hits your iron imp!
Your iron imp dies!
You feel sick.
A starcursed mass splits.
The shadow demon gestures.
The vampire mage casts a spell.
The vampire mage flickers and vanishes!
Deactivating autopickup; reactivate with Ctrl-A.
The wraith barely misses you.
Found 38 gold pieces.
You enter the shallow water.
Moving in this stuff is going to be slow.
The Executioner hits you!
You die...

#.#####.# # #
##.##.##x##)#
#...33 ≈.h...K
#(##
##.##K##.# #
#.#####.## :3
#.{.# ###
##4####
#X##.##.##
#X2WV1@≈.+
#X##W##.##....
# #{# ## .#.
.x. ####


You could see 3 starcursed masses, an Executioner (fast), a jiangshi (summoned),
a shadow demon and 2 wraiths.

Vanquished Creatures
  Pikel (D:6)
  A sky beast (D:5)
  3 slaves (D:6)
  An ice beast (D:5)
  A phantom (D:5)
  A big kobold (D:5)
  2 bullfrogs (D:6)
  2 scorpions
  A crimson imp (D:5)
  4 orc wizards
  A jelly (D:6)
  A gnoll shaman (D:6)
  An orc priest (D:2)
  2 hounds
  A bullfrog skeleton (D:4)
  An iguana (D:5)
  A worker ant (D:5)
  A hound skeleton (D:4)
  A howler monkey zombie (D:6)
  13 gnolls
  7 adders
  A shadow imp (D:6)
  2 oozes
  An adder zombie (D:6)
  2 worms
  5 leopard geckos
  14 orcs
  9 bats
  4 giant cockroaches
  6 goblins
  4 hobgoblins
  16 jackals
  11 kobolds
  2 quokkas
  2 ball pythons (D:4)
  5 frilled lizards
  2 leopard gecko skeletons
  11 rats
144 creatures vanquished.

Vanquished Creatures (collateral kills)
  A necrophage (D:6)
  A jelly (D:6)
  An orc wizard (D:4)
  A worker ant (D:5)
  3 orcs
  A giant cockroach (D:3)
8 creatures vanquished.

Vanquished Creatures (others)
  A slave (D:7)
1 creature vanquished.

Grand Total: 153 creatures vanquished

Notes
Turn   | Place    | Note
-------+----------+-------------------------------------------
     0 | D:1      | Curus the Demonspawn Berserker began the quest for the Orb.
     0 | D:1      | Reached XP level 1. HP: 18/18 MP: 1/1
     8 | D:1      | Gained mutation: You are occasionally teleported next to
                  | monsters. [potion of mutation]
     8 | D:1      | Gained mutation: You are somewhat resistant to further
                  | mutation. [potion of mutation]
   229 | D:1      | Reached skill level 3 in Axes
   247 | D:1      | Gained mutation: You are partially covered in thin metallic
                  | scales. (AC +2) [demonic ancestry]
   247 | D:1      | Reached XP level 2. HP: 11/24 MP: 2/2
   584 | D:1      | Reached ** piety under Trog
   588 | D:1      | Reached XP level 3. HP: 29/29 MP: 3/3
   977 | D:1      | Reached skill level 4 in Axes
  1659 | D:2      | Found a glowing golden altar of the Shining One.
  1952 | D:2      | Gained mutation: A weak demonic guardian rushes to your
                  | aid. [demonic ancestry]
  1952 | D:2      | Reached XP level 4. HP: 35/35 MP: 4/4
  2126 | D:2      | Found a white marble altar of Elyvilon.
  2177 | D:2      | Reached skill level 5 in Axes
  2178 | D:2      | Gained mutation: You are mostly covered in thin metallic
                  | scales. (AC +3) [demonic ancestry]
  2178 | D:2      | Reached XP level 5. HP: 23/41 MP: 5/5
  2371 | D:2      | You fall into a shaft and drop 2 floors!
  2378 | D:4      | Reached *** piety under Trog
  2483 | D:4      | Found a staircase to the Ecumenical Temple.
  2807 | D:3      | Reached skill level 6 in Axes
  2816 | D:3      | Reached XP level 6. HP: 42/47 MP: 6/6
  3832 | D:3      | Found a sacrificial altar of Ru.
  4490 | D:5      | Entered Level 5 of the Dungeon
  4589 | D:5      | Found a glowing silver altar of Zin.
  4635 | D:5      | Reached skill level 7 in Axes
  4682 | D:5      | Reached **** piety under Trog
  4687 | D:5      | Reached XP level 7. HP: 48/52 MP: 7/7
  4721 | D:5      | Found a radiant altar of Vehumet.
  5014 | D:5      | Found a glowing golden altar of the Shining One.
  5035 | D:5      | Reached skill level 8 in Axes
  5490 | D:6      | Found an ancient bone altar of Kikubaaqudgha.
  5612 | D:6      | Found a shimmering altar of Xom.
  5867 | D:6      | Reached skill level 9 in Axes
  5867 | D:6      | Gained mutation: You sometimes gain a little power by
                  | taking damage. [demonic ancestry]
  5867 | D:6      | Reached XP level 8. HP: 55/58 MP: 8/8
  5894 | D:6      | Found a large runed translucent door.
  5894 | D:6      | Found a large runed translucent door.
  5896 | D:6      | Noticed Sondor's ghost (novice DsGl)
  5928 | D:6      | Found a shimmering blue altar of Sif Muna.
  5957 | D:6      | Found an ornate altar of the Wu Jian Council.
  6093 | D:6      | Found an iron altar of Okawaru.
  6505 | D:7      | Noticed Pikel
  6506 | D:7      | Noticed Joseph
  6508 | D:7      | Noticed Maggie
  6590 | D:6      | Killed Pikel
  6590 | D:6      | Reached skill level 10 in Axes
  6724 | D:6      | Cast into level 1 of the Abyss (Maggie)
  6725 | Abyss:1  | Noticed a smoke demon
  6725 | Abyss:1  | Noticed an Executioner
  6726 | Abyss:1  | Noticed a smoke demon
  6729 | Abyss:1  | Noticed a kobold demonologist
  6730 | Abyss:1  | Noticed an ancient zyme
  6731 | Abyss:1  | Noticed a Hell Sentinel
  6733 | Abyss:1  | Noticed a vampire mage
  6736 | Abyss:1  | Noticed a jiangshi
  6736 | Abyss:1  | Noticed a shadow demon
  6736 | Abyss:1  | Noticed a starcursed mass
  6739 | Abyss:1  | Noticed a rust devil
  6739 | Abyss:1  | Mangled by an Executioner

Illustrated notes

Levels and vault maps discovered:
D:1:      dpeg_arrival_three_same_balls, layout_loops_ring,
          minmay_misc_feat_four_crosses, corexii_corridor_pit,
          chequers_mini_garden, minmay_misc_feat_cross, serial_bayou_ford_a,
          hangedman_decor_points
D:2:      cheibrodos_pilgrimage, layout_basic, elyvilon_altar_3, tso_metal_star
D:3:      layout_basic, nicolae_ru_the_path_less_chosen
D:4:      layout_loops_ring, minmay_temple_entry_butterflies, first_ration,
          minmay_bisected
D:5:      layout_loops_cross, vehumet_crystals, kennysheep_mini_moat,
          zin_academy
D:6:      layout_basic, marbit_many_paths, lemuel_crystal_altar,
          kiku_gazebo_pond_becter, nicolae_overflow_hidden_temple, led_sif_pool,
          ebering_ghost_disaster_area
D:7:      kb_forest_paths, layout_rooms, lemuel_crystal_altar,
          uniq_crazy_yiuf_cottage, uniq_maggie, uniq_joseph, uniq_duvessa,
          uniq_pikel
Abyss:1:  base: D:2, hangedman_cross_veins

Skill      XL: |  1  2  3  4  5  6  7  8 |
---------------+-------------------------+-----
Axes           | 3 4 5 6 7 9 10 | 10.8
Fighting       | |  3.0
Armour         | |  1.7
Dodging        | |  1.7

Action                   |  1- 3 |  4- 6 |  7- 9 || total
-------------------------+-------+-------+-------++-------
Melee: Hand axe          |   136 |    98 |       ||   234
       War axe           |       |   115 |   169 ||   284
Invok: Berserk           |     1 |     1 |     1 ||     3
       Trog's Hand       |       |       |     1 ||     1
  Use: Potion            |     4 |     5 |     1 ||    10
       Scroll            |     4 |     6 |     2 ||    12
 Stab: Sleeping          |     2 |       |       ||     2
  Eat: Chunk             |     4 |    10 |     4 ||    18
       Ration            |       |       |     1 ||     1
Armor: Animal skin       |    28 |       |       ||    28
       Chain mail        |    24 |   124 |    89 ||   237
Dodge: Dodged            |    80 |    92 |    67 ||   239
Block: Buckler           |       |    22 |    43 ||    65
